 Dungeon Crawl Stone Soup version 0.21-a0-519-gb765982 (webtiles) character file.

2647 slep the Chopper (level 9, -2/69 HPs)
             Began as a Vine Stalker Fighter on Dec 5, 2017.
             Was a Believer of Okawaru.
             Slain by a killer bee (4 damage)
             ... on level 7 of the Dungeon.
             The game lasted 00:24:15 (5184 turns).

slep the Chopper (Vine Stalker Fighter)             Turns: 5184, Time: 00:24:19

Health: -2/69      AC: 24    Str: 21    XL:     9   Next: 62%
Magic:  0/10       EV:  2    Int: 10    God:    Okawaru [**....]
Gold:   238        SH: 10    Dex: 15    Spells: 8/8 levels left

rFire    . . .     SeeInvis .   N - +4 war axe (curse)
rCold    . . .     Gourm    .   c - +0 shield
rNeg     + + +     Faith    .   (armour currently unavailable)
rPois    +         Spirit   +   (helmet currently unavailable)
rElec    .         Reflect  .   (cloak currently unavailable)
rCorr    .         Harm     .   (gloves currently unavailable)
MR       +....     NoTele   +   (boots currently unavailable)
Stlth    ++........             (no amulet)
HPRegen  0.61/turn              r - ring of positive energy
MPRegen  0.12/turn              (no ring)

@: lethally poisoned (-2 -> -3), tree-form, starving
A: clever 1, regeneration 1, magic shield, no potion heal 3, rot immunity
a: Heroism, Renounce Religion


You were on level 7 of the Dungeon.
You worshipped Okawaru.
Okawaru was pleased with you.
You were starving.
You were a tree.
You visited 2 branches of the dungeon, and saw 8 of its levels.
You also visited: Ossuary.

You collected 238 gold pieces.

Inventory:

Hand Weapons
 a - a +0 war axe
 A - a +2 dire flail of venom
 N - a cursed +4 war axe (weapon)
Missiles
 v - 3 tomahawks of returning (quivered)
Armour
 b - a +0 scale mail
 c - a +0 shield (worn)
 m - a +0 pair of boots (melded)
 x - a +0 troll leather armour
 y - a +0 helmet
 C - a +0 hat (melded)
 D - a +3 chain mail of magic resistance (melded)
 P - a +2 leather armour of cold resistance
Jewellery
 r - a ring of positive energy (left branch)
 I - an uncursed ring of fire
Wands
 k - a wand of random effects (26)
 o - a wand of digging (9)
 L - a wand of iceblast (9)
Scrolls
 e - 11 scrolls of identify {unknown}
 i - 7 scrolls of remove curse {unknown}
 p - 3 scrolls of immolation {unknown}
 w - a scroll of teleportation {unknown}
 E - 2 scrolls of enchant armour {unknown}
 F - a scroll of fear {unknown}
 J - 2 scrolls of blinking {unknown}
Potions
 d - a potion of might
 g - a potion of resistance
 h - 6 potions of curing
 j - a potion of haste
 l - a potion of invisibility
 s - a potion of mutation
 u - a potion of berserk rage
 z - a potion of agility
 G - a potion of brilliance {unknown}
 K - a potion of experience {unknown}
 M - a potion of heal wounds {unknown}
 O - a potion of flight
Books
 B - a Young Poisoner's Handbook

   Spells                             Type                      Level
   a - Sting                          Conjuration/Poison           1
   b - Poisonous Vapours              Poison/Air                   2
   c - Mephitic Cloud                 Conjuration/Poison/Air       3
   d - Olgreb's Toxic Radiance        Poison                       4
   e - Venom Bolt                     Conjuration/Poison           5
Comestibles
 f - 4 bread rations
 n - 2 meat rations
 t - 6 fruits


   Skills:
 + Level 4.8 Fighting
 + Level 7.3(7.8) Axes
 + Level 4.1(6.2) Maces & Flails
 + Level 4.6 Armour
 + Level 2.5 Dodging
 + Level 2.1 Stealth
 + Level 5.1 Shields


You had 8 spell levels left.
You didn't know any spells.

Dungeon Overview and Level Annotations

Branches:
Dungeon (7/15)             Temple (1/1) D:5

Altars:
Ashenzari
Elyvilon
Fedhas
Hepliaklqana
Makhleb
Nemelex Xobeh
Okawaru
Vehumet
Wu Jian
Yredelemnul
The Shining One


Innate Abilities, Weirdness & Mutations

((You have razor-sharp teeth.))
Your natural rate of healing is unusually fast.
When hurt, damage is shared between your health and your magic reserves.
((Your bite disrupts and absorbs the magic of your enemies.))
Potions cannot restore your health.
You are immune to rotting.
((You have a pair of small antennae on your head.))
Your mind is acute. (Int +2)


Message History

You miss the killer bee.
The killer bee is lightly wounded.
You feel sick. You block the killer bee's attack.
The killer bee stings you but does no damage. x2
You miss the killer bee.
The killer bee is lightly wounded.
You feel sick.
The killer bee stings you but does no damage. x2
You miss the killer bee.
The killer bee is lightly wounded.
You feel sick. The killer bee stings you.
* * * LOW HITPOINT WARNING * * *
The killer bee stings you but does no damage.
You closely miss the killer bee.
The killer bee is lightly wounded.
* * * LOW HITPOINT WARNING * * *
You feel sick.
The killer bee stings you but does no damage.
The killer bee stings you.
You die...

#.........
#.##......
##.# #.#.#.
##..# .# #
#...# #
##.## #.#
#.# #♣#
#y#####<.#.
#yy.†......
###†..#....
...$...##
##........
####...##
#.## ...


You could see 3 killer bees.

Vanquished Creatures
  Sigmund (D:2)
  2 wraiths (Ossuary)
  A hungry ghost (D:7)
  Edmund (D:5)
  Menkaure (D:6)
  2 ice beasts
  2 sky beasts
  An ogre (D:4)
  2 bullfrogs (D:6)
  3 scorpions
  2 killer bees (D:7)
  3 wights (Ossuary)
  2 crimson imps (D:5)
  3 orc priests
  4 hounds
  8 orc wizards
  5 worker ants
  A hound zombie (D:5)
  7 gnolls
  8 adders
  4 oozes
  An adder zombie (Ossuary)
  3 adder skeletons
  A worm (D:3)
  3 dart slugs (D:1)
  5 leopard geckos
  13 orcs
  2 ball pythons
  6 bats
  5 giant cockroaches
  9 goblins
  9 hobgoblins
  20 jackals
  4 kobolds
  A quokka (D:6)
  3 ball python skeletons (Ossuary)
  A frilled lizard (D:3)
  A giant cockroach zombie (D:6)
  A hobgoblin skeleton (Ossuary)
  2 hobgoblin zombies (Ossuary)
  10 rats
163 creatures vanquished.

Notes
Turn   | Place    | Note
-------+----------+-------------------------------------------
     0 | D:1      | slep the Vine Stalker Fighter began the quest for the Orb.
     0 | D:1      | Reached XP level 1. HP: 11/11 MP: 2/2
    68 | D:1      | Reached XP level 2. HP: 16/16 MP: 3/3
   164 | D:1      | Reached skill level 2 in Axes
   166 | D:1      | Reached XP level 3. HP: 8/20 MP: 2/4
   754 | D:1      | Gained mutation: Your natural rate of healing is unusually fast. [Vine Stalker growth]
   754 | D:1      | Reached XP level 4. HP: 24/24 MP: 5/5
   936 | D:2      | Found a blossoming altar of Fedhas.
  1105 | D:2      | Reached skill level 1 in Dodging
  1105 | D:2      | Reached XP level 5. HP: 20/28 MP: 4/6
  1125 | D:2      | Noticed Sigmund
  1126 | D:2      | Found a radiant altar of Vehumet.
  1132 | D:2      | Killed Sigmund
  1132 | D:2      | Reached skill level 4 in Axes
  1132 | D:2      | Reached XP level 6. HP: 12/32 MP: 3/7
  1385 | D:2      | Found a burning altar of Makhleb.
  1760 | D:3      | Found a shattered altar of Ashenzari.
  1932 | D:3      | Found a sparkling altar of Nemelex Xobeh.
  2134 | D:3      | Reached skill level 1 in Stealth
  2385 | D:4      | Reached XP level 7. HP: 35/36 MP: 8/8
  2542 | D:4      | Reached skill level 5 in Axes
  2646 | D:4      | Gained mutation: You have razor-sharp teeth. [Vine Stalker growth]
  2646 | D:4      | Reached XP level 8. HP: 28/42 MP: 9/9
  3050 | D:5      | Entered Level 5 of the Dungeon
  3134 | D:5      | Reached skill level 6 in Axes
  3286 | D:5      | Found a hazy altar of Hepliaklqana.
  3451 | D:5      | Found a white marble altar of Elyvilon.
  3568 | D:5      | Found a staircase to the Ecumenical Temple.
  3573 | Temple   | Entered the Ecumenical Temple
  3577 | Temple   | Became a worshipper of Warmaster Okawaru
  3650 | D:5      | Noticed Edmund
  3786 | Temple   | Gained mutation: You have a pair of small antennae on your head. [potion of mutation]
  3786 | Temple   | Gained mutation: Your mind is acute. (Int +2) [potion of mutation]
  3793 | D:5      | Killed Edmund
  4040 | D:6      | Noticed Menkaure
  4048 | D:6      | Killed Menkaure
  4048 | D:6      | Reached * piety under Okawaru
  4079 | D:6      | Reached skill level 7 in Axes
  4079 | D:6      | Reached XP level 9. HP: 39/46 MP: 10/10
  4207 | D:6      | Reached skill level 1 in Maces & Flails
  4624 | D:6      | Found a sand-covered staircase.
  4630 | Ossuary  | Entered an ossuary
  5174 | D:7      | Reached ** piety under Okawaru
  5174 | D:7      | Reached skill level 5 in Shields
  5183 | D:7      | HP: 2/69 [killer bee (2)]
  5184 | D:7      | Slain by a killer bee

Vault maps used:
D:1:      onia_arrival_mini_spirals, hangedman_decor_peaks_small
D:2:      makhleb_heckhound_becter, lemuel_doored_altar, vehumet_crystals,
          first_bread, uniq_sigmund
D:3:      nicolae_overflow_crystal_walls, nemelex_dance_club_becter
D:5:      nicolae_overflow_hidden_temple, kennysheep_mini, temple_statues,
          uniq_edmund
D:6:      lightli_ossuary_entry_decrepit_ruins, uniq_menkaure
D:7:      serial_shops, shop, uniq_crazy_yiuf_cottage
Temple:   zaba_magenta_temple
Ossuary:  ossuary_due_cavern

Skill      XL: |  1  2  3  4  5  6  7  8  9 |
---------------+----------------------------+-----
Shields        | 3 4 5 |  5.1
Fighting       | 3 4 |  4.8
Axes           | 2 4 5 7 |  7.3
Armour         | 3 4 |  4.6
Dodging        | 1 2 |  2.5
Stealth        | 1 2 |  2.1
Maces & Flails | 4 |  4.1

Action                   |  1- 3 |  4- 6 |  7- 9 || total
-------------------------+-------+-------+-------++-------
Melee: War axe           |    82 |   118 |   168 ||   368
       Bite              |    19 |    29 |    89 ||   137
       Dire flail        |       |       |   108 ||   108
Evoke: Wand              |       |       |     1 ||     1
  Use: Potion            |       |       |    10 ||    10
  Eat: Chunk             |       |     5 |     7 ||    12
       Royal jelly       |       |       |     1 ||     1
Armor: Scale mail        |    51 |    44 |    50 ||   145
       Chain mail        |       |       |    89 ||    89
       Skin              |       |       |     8 ||     8
Dodge: Dodged            |    44 |    36 |   112 ||   192
Block: Shield            |    52 |    52 |    96 ||   200

Table legend:
 A = Spawn XP
 B = Non-spawn XP
 C = Spawn XP percentage of total XP
 D = Spawn monster count
 E = Non-spawn monster count
 F = Spawn count percentage of total count
 G = Total turns spent on level
                    A         B        C        D         E        F      G
               +---------+---------+-------+---------+---------+-------+---------
         Total |       0 |    3782 |   0.0 |       0 |     163 |   0.0 |  5184
               +---------+---------+-------+---------+---------+-------+---------
           D:1 |       0 |      84 |   0.0 |       0 |      37 |   0.0 |   838
           D:2 |       0 |     338 |   0.0 |       0 |      15 |   0.0 |   661
           D:3 |       0 |     186 |   0.0 |       0 |      28 |   0.0 |   873
           D:4 |       0 |     671 |   0.0 |       0 |      21 |   0.0 |   678
           D:5 |       0 |     745 |   0.0 |       0 |      19 |   0.0 |   893
           D:6 |       0 |     830 |   0.0 |       0 |      25 |   0.0 |   824
           D:7 |       0 |     342 |   0.0 |       0 |       5 |   0.0 |    42
        Temple |       0 |       2 |   0.0 |       0 |       1 |   0.0 |    97
       Ossuary |       0 |     584 |   0.0 |       0 |      12 |   0.0 |   278
               +---------+---------+-------+---------+---------+-------+---------
